 Dungeon Crawl Stone Soup version 0.22-a0-618-gd6a3efe (webtiles) character file.

5308 Ijustatesigmund the Unflinching (level 10, -4/71 HPs)
             Began as an Octopode Artificer on July 13, 2018.
             Was a Believer of the Shining One.
             Slain by Grum
             ... wielding a +0 halberd
              (26 damage)
             ... on level 9 of the Dungeon.
             The game lasted 00:28:20 (10807 turns).

Ijustatesigmund the Unflinching (OpAr)             Turns: 10807, Time: 00:28:22

Health: -4/71      AC:  6    Str: 11    XL:     10   Next: 64%
Magic:  16/16      EV: 13    Int: 14    God:    the Shining One [**....]
Gold:   766        SH: 11    Dex: 16    Spells: 5/9 levels left

rFire    . . .     SeeInvis .   A - +5 mace
rCold    . . .     Gourm    .   r - +1 shield {AC+3}
rNeg     + . .     Faith    .   w - +2 hat
rPois    .         Spirit   .   x - amulet of regeneration
rElec    .         Reflect  .   p - ring of wizardry
rCorr    .         Harm     .   (no ring)
MR       .....                  (no ring)
Stlth    ++........             (no ring)
HPRegen  0.61/turn              (no ring)
MPRegen  0.15/turn              (no ring)
                                (no ring)
                                (no ring)

@: glowing
A: almost no armour, stealthy swim, amphibious, 8 rings, constrict 8, camouflage
1, gelatinous body 1
a: Divine Shield, Renounce Religion


You were on level 9 of the Dungeon.
You worshipped the Shining One.
The Shining One was pleased with you.
You were not hungry.

You visited 1 branch of the dungeon, and saw 9 of its levels.
You also visited: Ossuary.

You collected 766 gold pieces.

Inventory:

Hand Weapons
 a - a +2 flail
 A - a +5 mace (weapon)
Missiles
 z - 2 poisoned tomahawks (quivered)
Armour
 r - a +1 shield of protection (worn)
 w - a +2 hat (worn)
Jewellery
 p - a ring of wizardry (left tentacle)
 x - an amulet of regeneration (around mantle)
Wands
 c - a wand of enslavement (3)
 l - a wand of iceblast (8)
 u - a wand of flame (32)
 v - a wand of acid (5)
 B - a wand of polymorph (13)
Scrolls
 d - a scroll of enchant weapon
 g - 7 scrolls of teleportation
 h - a scroll of fear
 j - 2 scrolls of magic mapping
 m - a scroll of amnesia
 n - 2 scrolls of remove curse
 o - 2 scrolls of fog
Potions
 b - a potion of berserk rage
 e - 2 potions of lignification
 i - 2 potions of curing
 k - 3 potions of brilliance
 q - a potion of might
 s - 2 potions of haste
 t - 2 potions of cancellation
 D - a potion of agility
Comestibles
 f - 9 rations


   Skills:
 + Level 7.4 Fighting
   Level 1.0 Short Blades
 + Level 7.7 Maces & Flails
 - Level 3.7 Dodging
 - Level 3.0 Stealth
 - Level 6.6 Shields
 + Level 8.7 Invocations
 - Level 3.2 Evocations


You had 5 spell levels left.
You knew the following spells:

 Your Spells              Type           Power        Failure   Level  Hunger
a - Apportation           Tloc           #.....       32%         1    ##.....
b - Conjure Flame         Conj/Fire      #.......     65%         3    ####...

Your spell library contained the following spells:

 Spells                   Type           Power        Failure   Level  Hunger
 Shroud of Golubria       Chrm/Tloc      #.........   43%         2    ###....
 Disjunction              Tloc           #.........   100%        8    #######
 Gell's Gravitas          Tloc           #.........   65%         3    ####...


Dungeon Overview and Level Annotations

Branches:
Dungeon (9/15)             Temple (0/1) D:7            Lair (0/6) D:8
    Orc: D:9-12

Altars:
Cheibriados
Kikubaaqudgha
Ru
Uskayaw
Vehumet
Yredelemnul
Zin
The Shining One

Shops:
D:7 :

Annotations:
D:9 Grum


Innate Abilities, Weirdness & Mutations

You cannot wear most types of armour.
You are very stealthy in the water. (Stealth+)
You are amphibious.
You can wear up to eight rings at the same time.
You can use your tentacles to constrict eight enemies at once.
Your skin changes colour to match your surroundings (Stealth+).
Your rubbery body absorbs attacks. (AC +1, EV +1)


Message History

You are too injured to fight recklessly!
You are too injured to fight recklessly!
You are too injured to fight recklessly!
You are too injured to fight recklessly!
You are too injured to fight recklessly!
You are too injured to fight recklessly!
You are too injured to fight recklessly!
You are too injured to fight recklessly!
You are too injured to fight recklessly!
You are too injured to fight recklessly!
You are too injured to fight recklessly!
You are too injured to fight recklessly!
You are too injured to fight recklessly!
You are too injured to fight recklessly!
You hit the wolf. You grab the wolf.
The wolf is moderately wounded.
You constrict the wolf, but do no damage.
The wolf bites you but does no damage.
Grum hits you from afar with a halberd!!
You die...

#..## #.## #.## #..# #.#
##.# ..# ####### #####.#####
'########.....# #.........#
..............# #.........#
....)......_..## #.._......#
...............###.........#
............)...@h.........#
..........##...###g.†......#
..........###### #.........#
#######+### #.........#
######.#### #..### ##...##
###..# ##(#


You could see Grum and a wolf.

Vanquished Creatures
  Maurice (D:8)
  A wyvern (D:9)
  2 yaks (D:8)
  Eustachio (D:5)
  2 porcupines (D:8)
  3 black bears
  An orc warrior (D:5)
  A phantom (D:6)
  2 wolves (D:9)
  4 ogres
  2 crocodiles (D:8)
  4 bullfrogs
  An elf zombie (D:7)
  7 scorpions
  5 killer bees
  A troll skeleton (D:7)
  3 electric eels (D:6)
  10 wights
  4 crimson imps
  A centaur zombie (D:5)
  3 hounds
  4 human zombies (D:7)
  An orc priest (D:7)
  2 bullfrog skeletons
  5 orc wizards
  2 human skeletons (D:7)
  4 iguanas
  Ijyb (D:2)
  7 worker ants
  A hound zombie (D:6)
  10 mummies
  A hound skeleton (D:7)
  4 worker ant zombies
  3 gnolls (D:7)
  17 adders
  A shadow imp (D:5)
  2 oozes
  2 adder skeletons (D:7)
  3 worms
  4 dart slugs
  3 leopard geckos
  22 orcs
  10 bats
  8 giant cockroaches
  A gnoll zombie (Ossuary)
  11 goblins
  8 hobgoblins
  14 jackals
  7 kobolds
  4 quokkas
  2 ball pythons (D:2)
  3 frilled lizards
  A hobgoblin zombie (Ossuary)
  A jackal skeleton (D:5)
  3 kobold zombies (Ossuary)
  A leopard gecko zombie (D:5)
  4 orc zombies
  3 rats
  A spectral orc (D:5)
240 creatures vanquished.

Vanquished Creatures (collateral kills)
  An ice beast (D:6)
  A big kobold zombie (Ossuary)
  3 orcs (D:3)
5 creatures vanquished.

Vanquished Creatures (others)
  2 orcs
  A ball python (D:6)
  32 fungi
  12 plants (D:8)
47 creatures vanquished.

Grand Total: 292 creatures vanquished

Notes
Turn   | Place    | Note
-------+----------+-------------------------------------------
     0 | D:1      | Ijustatesigmund the Octopode Artificer began the quest for the Orb.
     0 | D:1      | Reached XP level 1. HP: 13/13 MP: 3/3
   757 | D:1      | Reached XP level 2. HP: 16/18 MP: 4/4
   876 | D:1      | Reached skill level 1 in Maces & Flails
  1544 | D:2      | Reached XP level 3. HP: 16/23 MP: 5/5
  2252 | D:2      | Found a faded altar of an unknown god.
  2692 | D:3      | Reached XP level 4. HP: 21/28 MP: 6/6
  2706 | D:3      | Noticed Ijyb
  2961 | D:2      | Killed Ijyb
  3299 | D:3      | Reached XP level 5. HP: 17/34 MP: 7/7
  3753 | D:3      | Found a radiant altar of Vehumet.
  4009 | D:3      | Reached skill level 1 in Shields
  4795 | D:3      | Reached XP level 6. HP: 39/41 MP: 8/8
  4935 | D:4      | Found a sand-covered staircase.
  4942 | Ossuary  | Entered an ossuary
  5789 | Ossuary  | Identified a scroll of acquirement
  6025 | D:4      | Reached XP level 7. HP: 27/46 MP: 9/9
  6358 | D:4      | Found a sacrificial altar of Ru.
  6394 | D:5      | Entered Level 5 of the Dungeon
  6555 | D:5      | Reached XP level 8. HP: 54/54 MP: 10/10
  6560 | D:5      | Reached skill level 5 in Maces & Flails
  6635 | D:5      | Noticed Eustachio
  6652 | D:5      | Killed Eustachio
  6652 | D:5      | Reached skill level 5 in Fighting
  6664 | D:5      | Found a basalt altar of Yredelemnul.
  7089 | D:6      | Reached skill level 5 in Shields
  7537 | D:6      | Found a transporter.
  7562 | D:6      | Found a transporter.
  8020 | D:6      | Reached XP level 9. HP: 52/62 MP: 11/11
  8115 | D:6      | Found a glowing silver altar of Zin.
  8342 | D:7      | Found a glowing golden altar of the Shining One.
  8479 | D:7      | Became a worshipper of the Shining One
  8557 | D:7      | Found a staircase to the Ecumenical Temple.
  8643 | D:7      | Reached skill level 1 in Invocations
  8699 | D:7      | Found Vuusuoty's Book Boutique.
  8807 | D:7      | Reached * piety under the Shining One
  8830 | D:7      | Reached skill level 2 in Invocations
  9227 | D:7      | Found an ancient bone altar of Kikubaaqudgha.
  9241 | D:7      | Reached skill level 3 in Invocations
  9271 | D:7      | Reached ** piety under the Shining One
  9500 | D:8      | Reached skill level 4 in Invocations
  9512 | D:8      | Identified the Compendium of Fiery Dislocation
  9516 | D:8      | Learned a level 1 spell: Apportation
  9520 | D:8      | Learned a level 3 spell: Conjure Flame
  9683 | D:8      | Noticed Maurice
  9684 | D:8      | Reached skill level 5 in Invocations
  9694 | D:8      | Reached XP level 10. HP: 57/69 MP: 9/14
  9700 | D:8      | Reached skill level 6 in Invocations
  9859 | D:8      | Reached skill level 7 in Invocations
  9939 | D:8      | Found a staircase to the Lair.
  9949 | D:8      | Killed Maurice
  9949 | D:8      | Reached skill level 8 in Invocations
 10526 | D:9      | Got an ivory war axe
 10528 | D:9      | Identified the +6 war axe of Death's Door {chop, *Slow Str+3} (You found it on level 9 of the Dungeon)
 10676 | D:9      | Found a hide-covered altar of Uskayaw.
 10695 | D:9      | Found a snail-covered altar of Cheibriados.
 10786 | D:9      | Noticed Grum
 10807 | D:9      | Slain by Grum

Vault maps used:
D:1:      kennysheep_arrival_seaside, minmay_split_cup_large
D:2:      chequers_ecumenical_altar_grove, minmay_misc_feat_diagonals
D:3:      marbit_many_paths, uniq_ijyb
D:4:      lemuel_coloured_pillars_altar, first_ration,
          chequers_ossuary_entry_cave
D:5:      yredelemnul_forgotten_temple_becter, uniq_eustachio
D:6:      gammafunk_steamed_eel, kennysheep_mini_moat
D:7:      old_forge, overflow_temple_1_default,
          lemuel_mausoleum_altar_kikubaaqudgha, temple_green, serial_shops,
          shop, serial_park_tiny_2
D:8:      due_lair_maze_entry_diamond, hangedman_decor_points, uniq_maurice
D:9:      basic_altar, grunt_ogre_cave, cheibriados_altar_1, uniq_grum,
          uniq_erica
Ossuary:  ossuary_tomb_3

Skill      XL: |  1  2  3  4  5  6  7  8  9 10 |
---------------+-------------------------------+-----
Maces & Flails | 1 2 3 4 6 7 |  7.7
Dodging        | 3 |  3.7
Fighting       | 2 3 4 6 7 |  7.4
Shields        | 1 3 4 5 6 |  6.6
Invocations    | 5 8 |  8.7
Stealth        | 3 |  3.0
Short Blades   | |  1.0
Evocations     | |  3.2

Action                   |  1- 3 |  4- 6 |  7- 9 | 10-12 || total
-------------------------+-------+-------+-------+-------++-------
Melee: Whip              |    84 |   149 |   216 |       ||   449
       Tentacles         |    12 |    30 |   103 |    29 ||   174
       Constrict         |    21 |    40 |    85 |    23 ||   169
       Short sword       |     1 |       |       |       ||     1
       Flail             |       |       |   166 |    45 ||   211
       Mace              |       |       |       |    65 ||    65
       War axe           |       |       |       |     2 ||     2
Throw: Tomahawk          |       |       |     5 |       ||     5
Invok: Divine Shield     |       |       |     2 |       ||     2
Evoke: Wand              |     2 |    24 |    20 |     1 ||    47
  Use: Scroll            |     8 |    10 |     5 |     5 ||    28
       Potion            |       |     3 |       |       ||     3
 Stab: Sleeping          |     8 |     4 |     8 |       ||    20
       Distracted        |       |     1 |     1 |       ||     2
       Invisible         |       |     1 |       |       ||     1
       Paralysed         |       |       |     1 |       ||     1
  Eat: Chunk             |     5 |     8 |     6 |       ||    19
       Ration            |       |     1 |     2 |     1 ||     4
Armor: Skin              |     5 |     9 |    56 |    19 ||    89
Dodge: Dodged            |    53 |    86 |   144 |    67 ||   350
Block: Buckler           |       |    13 |       |       ||    13
       Shield            |       |     7 |   165 |    72 ||   244

Table legend:
 A = Spawn XP
 B = Non-spawn XP
 C = Spawn XP percentage of total XP
 D = Spawn monster count
 E = Non-spawn monster count
 F = Spawn count percentage of total count
 G = Total turns spent on level
                    A         B        C        D         E        F      G
               +---------+---------+-------+---------+---------+-------+---------
         Total |       0 |    7584 |   0.0 |       0 |     245 |   0.0 | 10807
               +---------+---------+-------+---------+---------+-------+---------
           D:1 |       0 |      33 |   0.0 |       0 |      16 |   0.0 |  1820
           D:2 |       0 |      94 |   0.0 |       0 |      28 |   0.0 |  1643
           D:3 |       0 |     199 |   0.0 |       0 |      33 |   0.0 |  1362
           D:4 |       0 |     330 |   0.0 |       0 |      13 |   0.0 |   615
           D:5 |       0 |     816 |   0.0 |       0 |      20 |   0.0 |   926
           D:6 |       0 |     904 |   0.0 |       0 |      27 |   0.0 |  1024
           D:7 |       0 |    1596 |   0.0 |       0 |      52 |   0.0 |  1151
           D:8 |       0 |    2648 |   0.0 |       0 |      29 |   0.0 |   968
           D:9 |       0 |     794 |   0.0 |       0 |      11 |   0.0 |   344
       Ossuary |       0 |     170 |   0.0 |       0 |      16 |   0.0 |   954
               +---------+---------+-------+---------+---------+-------+---------
